 Dungeon Crawl Stone Soup version 0.23-a0-295-g2e428d4 (webtiles) character file.

1 Amnesiac the Magician (level 1, 0/13 HPs)
             Began as a Mummy Wizard on Oct 4, 2018.
             Slain by a hobgoblin (3 damage)
             ... on level 2 of the Dungeon.
             The game lasted 00:01:10 (171 turns).

Amnesiac the Magician (Mummy Wizard)                 Turns: 171, Time: 00:01:11

Health: 0/13       AC:  2    Str: 10    XL:     1   Next: 16%
Magic:  5/5        EV: 12    Int: 17    God:
Gold:   14         SH:  0    Dex: 10    Spells: 7/8 levels left

rFire    x . .     SeeInvis .   (no weapon)
rCold    + . .     Gourm    .   (no shield)
rNeg     + + +     Faith    .   a - +0 robe
rPois    ∞         Spirit   .   b - +0 hat
rElec    .         Reflect  .   (no cloak)
rCorr    .         Harm     .   (no gloves)
MR       .....                  (no boots)
Stlth    ++........             (no amulet)
HPRegen  0.04/turn              (no ring)
MPRegen  0.09/turn              (no ring)

@: no status effects
A: no food or potions, fire vulnerability, cold resistance 1, negative energy
resistance 3, torment resistance, unbreathing
a: no special abilities


You were on level 2 of the Dungeon.
You were not hungry.

You visited 1 branch of the dungeon, and saw 2 of its levels.

You collected 14 gold pieces.

Inventory:

Armour
 a - a +0 robe (worn)
 b - a +0 hat (worn)
Scrolls
 c - a scroll of teleportation {!r, unknown}
 d - a scroll of magic mapping {!r, unknown}


   Skills:
 - Level 1.5 Dodging
 - Level 1.5 Stealth
 + Level 4.1 Spellcasting
 - Level 0.7 Conjurations
   Level 0.7 Summonings
   Level 0.7 Translocations


You had 7 spell levels left.
You knew the following spells:

 Your Spells              Type           Power        Failure   Level  Hunger
a - Magic Dart            Conj           #...         12%         1    N/A

Your spell library contained the following spells:

 Spells                   Type           Power        Failure   Level  Hunger
 Blink                    Tloc           N/A          17%         2    N/A
 Call Imp                 Summ           #.......     17%         2    N/A
 Slow                     Hex            #.......     24%         2    N/A
 Conjure Flame            Conj/Fire      #.......     38%         3    N/A
 Mephitic Cloud           Conj/Pois/Air  #.......     38%         3    N/A

Dungeon Overview and Level Annotations

Branches:
Dungeon (2/15)

Altars:


Innate Abilities, Weirdness & Mutations

You do not eat or drink.
Your flesh is vulnerable to fire.
You are immune to poison.
Your flesh is cold resistant. (rC+)
You are immune to negative energy. (rN+++)
You are immune to unholy pain and torment.
You can survive without breathing.


Message History

The jackal bites you but does no damage.
The jackal bites you. The jackal barely misses you.
The jackal bites you but does no damage.
There is a stone staircase leading down here.
The jackal bites you.
You climb downwards.
A hobgoblin comes into view.
Found 10 stones.
There is a stone staircase leading up here.
A hobgoblin comes into view. It is wielding a club.
The jackal closely misses you.
Casting: Magic Dart (safe; 12% risk of failure)
Confirm with . or Enter, or press ? or * to list all spells.
Aiming: Magic Dart (safe; 12% risk of failure)
Press: ? - help, Shift-Dir - straight line, f - jackal
Aim: a jackal The magic dart hits the jackal.
The hobgoblin shouts!
The jackal misses you.
Casting: Magic Dart (safe; 12% risk of failure)
Confirm with . or Enter, or press ? or * to list all spells.
Aiming: Magic Dart (safe; 12% risk of failure)
Press: ? - help, Shift-Dir - straight line, f/p - jackal
Aim: a jackal The magic dart hits the jackal.
The jackal is severely wounded.
The jackal bites you.
* * * LOW HITPOINT WARNING * * *
A rat comes into view.
The jackal barely misses you. The jackal misses you.
The rat twitches its whiskers.
The rat bites you.
* * * LOW HITPOINT WARNING * * *
The jackal bites you.
* * * LOW HITPOINT WARNING * * *
The jackal misses you. The rat closely misses you.
You open the door. The hobgoblin closely misses you.
The jackal closely misses you. The rat barely misses you.
A hobgoblin comes into view.
The jackal closely misses you.
There is an open door here.
Casting: Magic Dart (safe; 12% risk of failure)
Confirm with . or Enter, or press ? or * to list all spells.
Aiming: Magic Dart (safe; 12% risk of failure)
Press: ? - help, Shift-Dir - straight line, f/p - jackal
Aim: a jackal (severely wounded)
The magic dart hits the jackal.
You kill the jackal!
Unknown command.
The hobgoblin shouts!
The rat barely misses you.
A frilled lizard comes into view.
Found 15 gold pieces.
The rat twitches its whiskers.
You see here 15 gold pieces.
Autopickup is now off.
Found an inky potion.
The frilled lizard hisses angrily.
The hobgoblin hits you but does no damage.
The hobgoblin barely misses you.
You open the door. The hobgoblin barely misses you. The hobgoblin hits you.
You die...

#.# #.# #.#
#r# #.# #.#
#.#.### #g#
#####.....#
#..
#.l.l...#.#
###
#.#######$#
#.g..g....#
#@g.r######
#>'...!....
#[#.....###
#.#.....# #
###...#
#...# +...+
...#


You could see 3 hobgoblins, a frilled lizard and a rat.

Vanquished Creatures
  A jackal (D:2)
1 creature vanquished.

Notes
Turn   | Place    | Note
-------+----------+-------------------------------------------
     0 | D:1      | Amnesiac the Mummy Wizard began the quest for the Orb.
     0 | D:1      | Reached XP level 1. HP: 13/13 MP: 5/5
   171 | D:2      | Slain by a hobgoblin

Vault maps used:
D:1:      eino_arrival_water_cross, minmay_misc_feat_four_crosses,
          minmay_tetromino_l2

Action                   || total
-------------------------++-------
Melee: Unarmed           ||     1
 Cast: Magic Dart        ||     3
Armor: Robe              ||     4
Dodge: Dodged            ||    18

Table legend:
 A = Non-vault XP
 B = Vault XP
 C = Vault XP percentage of total XP
 D = Non-vault monster count
 E = Vault monster count
 F = Vault count percentage of total count
                 A         B        C        D         E       F
            +---------+---------+-------+---------+---------+-------
      Total |       2 |       0 |   0.0 |       1 |       0 |   0.0
            +---------+---------+-------+---------+---------+-------
        D:2 |       2 |       0 |   0.0 |       1 |       0 |   0.0
            +---------+---------+-------+---------+---------+-------
